 Dungeon Crawl Stone Soup version 0.26.1-2-gb8aa6d0cf2 (webtiles) character file.

Game seed: 11897766152970397433

3901 iceDog the Summoner (level 10, -5/77 HPs)
             Began as a Gnoll Wanderer on Feb 20, 2021.
             Was an Initiate of Sif Muna.
             Slain by Domino's ghost (19 damage)
             ... on level 8 of the Dungeon.
             The game lasted 00:48:23 (9389 turns).

iceDog the Summoner (Gnoll Wanderer)                Turns: 9389, Time: 00:48:23

Health: -5/77      AC:  6    Str: 15    XL:     10   Next: 20%
Magic:  9/18       EV: 14    Int: 26    God:    Sif Muna [......]
Gold:   444        SH:  0    Dex: 19    Spells: 8/20 levels left

rFire    . . .     SeeInvis .   s - +10 broad axe of Abuse {flame, *Contam rPois Dex+7}
rCold    . . .     Faith    .   (no shield)
rNeg     + . .     Spirit   .   J - +2 ring mail {Will+}
rPois    +         Reflect  .   u - +0 helmet
rElec    .         Harm     .   (no cloak)
rCorr    .         Rampage  .   (no gloves)
Will     ++...                  (no boots)
Stlth    +++.......             x - amulet of regeneration
HPRegen  0.62/turn              p - ring "Orruklopp" {rN+ Will+ Slay+4}
MPRegen  0.16/turn              B - +6 ring of intelligence

@: no status effects
A: distributed training, fangs 1, deformed body, strong nose
a: Renounce Religion


You were on level 8 of the Dungeon.
You worshipped Sif Muna.
Sif Muna was noncommittal.
You visited 2 branches of the dungeon, and saw 9 of its levels.

You collected 444 gold pieces.

Inventory:

Hand Weapons
 a - a +0 halberd
 d - a +3 vorpal great sword
 s - the +10 broad axe of Abuse (weapon) {flame, *Contam rPois Dex+7}
   (You found it on level 8 of the Dungeon)

   It has been specially enchanted to burn those struck by it, causing extra
   injury to most foes and up to half again as much damage against particularly
   susceptible opponents.
   Big, fiery blades are also staple armaments of hydra-hunters.
   It affects your dexterity (+7).
   It protects you from poison.
   It causes magical contamination when unequipped.
 w - the +7 falchion of Hoiter {flame, Dex+4}
   (You found it on level 6 of the Dungeon)

   It has been specially enchanted to burn those struck by it, causing extra
   injury to most foes and up to half again as much damage against particularly
   susceptible opponents.
   Big, fiery blades are also staple armaments of hydra-hunters.
   It affects your dexterity (+4).
 F - a +4 scimitar
Missiles
 A - 70 poisoned darts
Armour
 l - a +0 scale mail
 u - a +0 helmet (worn)
 J - a +2 ring mail of willpower (worn)
Magical Staves
 C - an uncursed staff of fire
Jewellery
 e - a +4 ring of protection
 p - the ring "Orruklopp" (left hand) {rN+ Will+ Slay+4}
   (You found it on level 6 of the Dungeon)

   [ring of slaying]

   It affects your accuracy and damage with ranged weapons and melee attacks
   (+4).
   It protects you from negative energy.
   It affects your willpower, your defense against some magical effects.
 t - an uncursed ring of flight
 x - an amulet of regeneration (around neck)
 B - a +6 ring of intelligence (right hand)
 D - an uncursed ring of willpower
Wands
 z - a wand of disintegration (18)
 E - a wand of flame (12)
 G - a wand of polymorph (5)
Scrolls
 c - 2 scrolls of magic mapping
 f - 5 scrolls of remove curse
 h - 3 scrolls of identify
 j - a scroll of teleportation
 H - a scroll of amnesia
Potions
 b - 2 potions of curing
 k - a potion of magic {unknown}
 m - a potion of flight {unknown}
 n - 3 potions of lignification {unknown}
 q - 2 potions of attraction
 r - a potion of berserk rage {unknown}
 y - 2 potions of heal wounds


   Skills:
 + Level 6.9 Fighting
 + Level 5.0 Short Blades
 + Level 5.0 Long Blades
 + Level 5.0 Axes
 + Level 5.0 Maces & Flails
 + Level 5.7 Polearms
 + Level 5.0 Staves
 + Level 5.0 Slings
 + Level 5.0 Bows
 + Level 5.0 Crossbows
 + Level 5.7 Throwing
 + Level 5.0 Armour
 + Level 5.0 Dodging
 + Level 5.0 Stealth
 + Level 5.7 Shields
 + Level 5.0 Unarmed Combat
 + Level 5.8 Spellcasting
 + Level 4.1 Conjurations
 + Level 4.1 Hexes
 + Level 8.3 Summonings
 + Level 4.1 Necromancy
 + Level 4.1 Translocations
 + Level 4.1 Transmutations
 + Level 4.1 Fire Magic
 + Level 4.1 Ice Magic
 + Level 4.1 Air Magic
 + Level 4.1 Earth Magic
 + Level 4.1 Poison Magic
 + Level 5.5 Invocations
 + Level 5.0 Evocations


You had 8 spell levels left.
You knew the following spells:

 Your Spells              Type           Power        Failure   Level
a - Call Imp              Summ           50%          1%          2
b - Summon Guardian Gole  Hex/Summ       40%          3%          3
c - Blink                 Tloc           N/A          3%          2
d - Slow                  Hex            29%          3%          2
e - Conjure Flame         Conj/Fire      29%          7%          3

Your spell library contained the following spells:

 Spells                   Type           Power        Failure   Level
 Summon Small Mammal      Summ           100%         1%          1
 Animate Skeleton         Necr           58%          2%          1
 Corona                   Hex            32%          2%          1
 Foxfire                  Conj/Fire      100%         2%          1
 Magic Dart               Conj           100%         2%          1
 Pain                     Necr           100%         2%          1
 Shock                    Conj/Air       100%         2%          1
 Ensorcelled Hibernation  Hex/Ice        58%          3%          2
 Swiftness                Air            29%          3%          2
 Confusing Touch          Hex            29%          7%          3
 Dazzling Flash           Conj/Hex       58%          7%          3
 Inner Flame              Hex/Fire       29%          7%          3
 Mephitic Cloud           Conj/Pois/Air  29%          7%          3
 Static Discharge         Conj/Air       29%          7%          3
 Tukima's Dance           Hex            29%          7%          3
 Vampiric Draining        Necr           14%          7%          3
 Airstrike                Air            14%          24%         4
 Animate Dead             Necr           14%          24%         4
 Sticky Flame             Conj/Fire      29%          24%         4
 Agony                    Necr           29%          54%         5
 Fireball                 Conj/Fire      14%          54%         5
 Lightning Bolt           Conj/Air       14%          54%         5


Dungeon Overview and Level Annotations

Branches:
Dungeon (8/15)             Temple (1/1) D:6
   Lair: D:8-11

Altars:
Ashenzari
Cheibriados
Dithmenos
Elyvilon
Fedhas
Gozag
Hepliaklqana
Kikubaaqudgha
Makhleb
Nemelex Xobeh
Okawaru
Qazlal
Ru
Sif Muna
Trog
Uskayaw
Vehumet
Wu Jian
Yredelemnul
The Shining One

Annotations:
D:8 Domino's ghost, novice MiBe; JazCRAWL's ghost, novice HOMo; kthxbai's ghost, novice OgIE; windycow's ghost, novice GrGl


Innate Abilities, Weirdness & Mutations

Your experience applies equally to all skills.
You have very sharp teeth.
Your uncanny sense of smell can sniff out nearby items.
Armour fits poorly on your strangely shaped body.


Message History

Your crimson imp closely misses Domino's ghost.
You hit Domino's ghost but do no damage.
Domino's ghost hits you!
* * * LOW HITPOINT WARNING * * *
Domino's ghost freezes you.
* * * LOW HITPOINT WARNING * * *
Your crimson imp barely misses Domino's ghost.
Your crimson imp misses Domino's ghost.
Domino's ghost completely misses you.
Your crimson imp hits Domino's ghost but does no damage.
Your crimson imp closely misses Domino's ghost.
Domino's ghost hits your crimson imp!
Domino's ghost freezes your crimson imp.
Your crimson imp dies!
Casting: Call Imp (safe; 1% risk of failure)
Confirm with . or Enter, or press ? or * to list all spells.
A beastly little devil appears in a puff of flame.
Your crimson imp closely misses Domino's ghost.
Your crimson imp blinks!
Domino's ghost hits you!!
You die...

...#.###......§#..#####...#####..
##.#.# #.......#..#####...# #..
#.#.# #.............##...# #.#
#.#.# #.......#..#.......# #..
#.#.# ####.......#..###..#######
##.#.######.####.##..#...........
.................§...##..........
#.....#####.####5W...##.#........
#...............@....#..+.....≈..
#..........._...##...####....≈≈≈.
#.....##........##...##.W.5..≈≈≈.
#.....##.......[.#...##W#5...≈≈..
#.....#.....⌠..).....##W#........
#.....#...........#[.##W#........
#######.........###..##W#).......
#....._...# #..............
#.......### #..............


You could see Domino's ghost and a friendly crimson imp (summoned).

Vanquished Creatures
  The ghost of dscm the Thaumaturge, a novice DsNe of Gozag (D:8)
  The ghost of puimuR the Cleaver, a novice HOMo of the Shining One (D:6)
  A wyvern (D:8)
  A black bear (D:6)
  An orc warrior (D:6)
  An ice beast (D:5)
  A necrophage (D:7)
  A phantom (D:4)
  2 ogres
  A centaur (D:7)
  5 bullfrogs
  2 scorpions
  A water moccasin skeleton (D:4)
  4 wights (D:7)
  A quasit (D:6)
  2 hounds
  An orc priest (D:4)
  3 jellies
  A bullfrog skeleton (D:4)
  3 iguanas
  7 orc wizards
  5 worker ants
  A hound skeleton (D:4)
  2 worker ant zombies (D:5)
  A howler monkey skeleton (D:7)
  5 gnolls
  4 adders
  A shadow imp (D:7)
  3 white imps
  2 adder skeletons
  A worm (D:5)
  The ghost of grosnain174 the Sneak, a weakling DsDe (D:5)
  3 dart slugs
  8 leopard geckos
  27 orcs
  3 giant cockroaches
  5 goblins
  7 hobgoblins
  10 jackals
  9 kobolds
  3 quokkas
  6 bats
  3 frilled lizards
  A jackal zombie (D:5)
  2 quokka skeletons (D:4)
  A quokka zombie (D:5)
  4 rats
159 creatures vanquished.

Vanquished Creatures (collateral kills)
  The ghost of kthxbai the Conjurer, a novice KoCj of Uskayaw (D:7)
  A gargoyle (D:8)
  Menkaure (D:5)
  A necrophage (D:7)
  A centaur (D:6)
  An electric eel (D:8)
  A howler monkey (D:5)
  A bullfrog skeleton (D:5)
  A hound (D:6)
  An orc priest (D:8)
  A killer bee zombie (D:4)
  A hound skeleton (D:6)
  A howler monkey zombie (D:8)
  2 gnolls (D:2)
  4 adders
  A white imp (D:4)
  A worm (D:4)
  2 leopard geckos
  4 orcs
  A giant cockroach (D:6)
  A jackal (D:3)
  A kobold (D:1)
  A quokka (D:5)
  A bat (D:2)
  3 frilled lizards
35 creatures vanquished.

Vanquished Creatures (others)
  An ice beast (D:8)
  An ogre (D:8)
  A wight (D:7)
  A withered plant (D:6)
4 creatures vanquished.

Grand Total: 198 creatures vanquished

Notes
Turn   | Place    | Note
-------+----------+-------------------------------------------
     0 | D:1      | iceDog the Gnoll Wanderer began the quest for the Orb.
     0 | D:1      | iceDog set off with the following items: a +2 spear, a
                  | potion of curing, a +0 robe; and the following spell
                  | memorised: Summon Small Mammal; and the following spells
                  | available to memorise: Summon Guardian Golem
     0 | D:1      | Reached XP level 1. HP: 20/20 MP: 4/4
   426 | D:1      | Reached XP level 2. HP: 26/26 MP: 5/5
  1026 | D:2      | Reached XP level 3. HP: 17/31 MP: 7/7
  1054 | D:2      | Reached skill level 1 in Invocations
  1313 | D:2      | Found a hazy altar of Hepliaklqana.
  1340 | D:2      | Found a snail-covered altar of Cheibriados.
  1346 | D:2      | Reached skill level 1 in Short Blades
  1346 | D:2      | Reached skill level 1 in Long Blades
  1346 | D:2      | Reached skill level 1 in Axes
  1346 | D:2      | Reached skill level 1 in Maces & Flails
  1346 | D:2      | Reached skill level 1 in Staves
  1346 | D:2      | Reached skill level 1 in Slings
  1346 | D:2      | Reached skill level 1 in Bows
  1346 | D:2      | Reached skill level 1 in Crossbows
  1346 | D:2      | Reached skill level 1 in Armour
  1346 | D:2      | Reached skill level 1 in Dodging
  1346 | D:2      | Reached skill level 1 in Stealth
  1346 | D:2      | Reached skill level 1 in Unarmed Combat
  1346 | D:2      | Reached skill level 1 in Evocations
  1381 | D:2      | Reached XP level 4. HP: 22/38 MP: 6/8
  1838 | D:2      | Learned a level 3 spell: Summon Guardian Golem
  1890 | D:2      | Reached skill level 1 in Conjurations
  1890 | D:2      | Reached skill level 1 in Hexes
  1890 | D:2      | Reached skill level 1 in Necromancy
  1890 | D:2      | Reached skill level 1 in Translocations
  1890 | D:2      | Reached skill level 1 in Transmutations
  1890 | D:2      | Reached skill level 1 in Fire Magic
  1890 | D:2      | Reached skill level 1 in Ice Magic
  1890 | D:2      | Reached skill level 1 in Air Magic
  1890 | D:2      | Reached skill level 1 in Earth Magic
  1890 | D:2      | Reached skill level 1 in Poison Magic
  2428 | D:3      | Reached XP level 5. HP: 25/43 MP: 9/9
  2980 | D:3      | Learned a level 2 spell: Call Imp
  3155 | D:3      | Reached XP level 6. HP: 50/50 MP: 10/10
  3359 | D:4      | Reached skill level 5 in Fighting
  3465 | D:4      | Found a basalt altar of Yredelemnul.
  3650 | D:4      | Reached XP level 7. HP: 21/56 MP: 10/12
  3694 | D:4      | You fall into a shaft and drop 1 floor!
  3694 | D:5      | Entered Level 5 of the Dungeon
  3715 | D:5      | Found an opulent altar of Gozag.
  5374 | D:5      | Noticed grosnain174's ghost (weakling DsDe)
  5379 | D:5      | Found a runed translucent gate.
  5379 | D:5      | Found a runed translucent gate.
  5379 | D:5      | Found a runed translucent gate.
  5419 | D:5      | Killed grosnain174's ghost
  5477 | D:5      | Reached XP level 8. HP: 63/63 MP: 14/14
  6115 | D:5      | Noticed Menkaure
  6126 | D:5      | Killed Menkaure
  6589 | D:6      | Found a runed translucent door.
  6591 | D:6      | Noticed puimuR's ghost (novice HOMo)
  6593 | D:6      | Got a vibrating pewter ring
  6627 | D:6      | Killed puimuR's ghost
  6804 | D:6      | Identified the ring "Orruklopp" {rN+ Will+ Slay+4} (You
                  | found it on level 6 of the Dungeon)
  6824 | D:6      | Reached XP level 9. HP: 60/69 MP: 16/16
  6880 | D:6      | Found a staircase to the Ecumenical Temple.
  6907 | D:6      | Learned a level 2 spell: Blink
  6910 | D:6      | Learned a level 2 spell: Slow
  6911 | D:6      | Found a sparkling altar of Nemelex Xobeh.
  6927 | D:6      | Got a distressingly furry leather armour
  6928 | D:6      | Identified the cursed +0 leather armour of Disappointment
                  | {rN+++ Will- MP+9 Str+2} (You found it on level 6 of the
                  | Dungeon)
  6971 | D:6      | Got a warped falchion
  6972 | D:6      | Identified the +7 falchion of Hoiter {flame, Dex+4} (You
                  | found it on level 6 of the Dungeon)
  7228 | D:7      | Reached skill level 5 in Spellcasting
  7351 | D:7      | Reached skill level 5 in Polearms
  7351 | D:7      | Reached skill level 5 in Throwing
  7351 | D:7      | Reached skill level 5 in Shields
  7351 | D:7      | Reached skill level 8 in Summonings
  7526 | D:7      | Learned a level 3 spell: Conjure Flame
  7718 | D:7      | Found a runed translucent gate.
  7718 | D:7      | Found a runed translucent gate.
  7718 | D:7      | Found a runed translucent gate.
  7719 | D:7      | Noticed kthxbai's ghost (novice KoCj)
  7760 | D:7      | Killed kthxbai's ghost
  7761 | D:7      | Reached skill level 5 in Invocations
  8253 | Temple   | Entered the Ecumenical Temple
  8331 | Temple   | Became a worshipper of Sif Muna the Loreminder
  8513 | D:8      | Found a stormy altar of Qazlal.
  8515 | D:8      | Found a shadowy altar of Dithmenos.
  8531 | D:8      | Found a runed translucent gate.
  8531 | D:8      | Found a runed translucent gate.
  8533 | D:8      | Found a runed translucent gate.
  8533 | D:8      | Noticed JazCRAWL's ghost (novice HOMo)
  8533 | D:8      | Noticed windycow's ghost (novice GrGl)
  8534 | D:8      | Noticed kthxbai's ghost (novice OgIE)
  8534 | D:8      | Noticed dscm's ghost (novice DsNe)
  8535 | D:8      | Noticed Domino's ghost (novice MiBe)
  8874 | D:8      | Noticed a gargoyle
  8895 | D:8      | Killed a gargoyle
  8896 | D:8      | Reached XP level 10. HP: 63/77 MP: 9/18
  8900 | D:8      | Got a polished broad axe
  8905 | D:8      | Identified the +10 broad axe of Abuse {flame, *Contam rPois
                  | Dex+7} (You found it on level 8 of the Dungeon)
  9304 | D:8      | Gained mutation: Armour fits poorly on your strangely
                  | shaped body. [mutagenic glow]
  9345 | D:8      | Killed dscm's ghost
  9346 | D:8      | Reached skill level 5 in Short Blades
  9346 | D:8      | Reached skill level 5 in Long Blades
  9346 | D:8      | Reached skill level 5 in Axes
  9346 | D:8      | Reached skill level 5 in Maces & Flails
  9346 | D:8      | Reached skill level 5 in Staves
  9346 | D:8      | Reached skill level 5 in Slings
  9346 | D:8      | Reached skill level 5 in Bows
  9346 | D:8      | Reached skill level 5 in Crossbows
  9346 | D:8      | Reached skill level 5 in Armour
  9346 | D:8      | Reached skill level 5 in Dodging
  9346 | D:8      | Reached skill level 5 in Stealth
  9346 | D:8      | Reached skill level 5 in Unarmed Combat
  9346 | D:8      | Reached skill level 5 in Evocations
  9363 | D:8      | HP: 2/77 [windycow's ghost (17)]
  9389 | D:8      | Slain by Domino's ghost

Illustrated notes

Levels and vault maps discovered:
D:1:      wander_arrival_chamber, layout_basic
D:2:      layout_basic, kennysheep_slug_shrine, nzn_hepliaklqana_mist_gate
D:3:      layout_rooms
D:4:      layout_basic, kennysheep_little_box, cheibrodos_sewer_entry_bend
D:5:      layout_loops_ring, grunt_gozag_breadcrumbs, gammafunk_ghost_split,
          uniq_menkaure
D:6:      layout_cave_pools, kennysheep_mini_moat, minmay_temple_entry_junction,
          gammafunk_ghost_grave, serial_column_ruins,
          column_ruins_corridor_straight, column_ruins_corridor_straight,
          column_ruins_corridor_straight, column_ruins_open_medium,
          column_ruins_open_small
D:7:      layout_basic, gammafunk_ghost_split, skrybe_limestone_x
D:8:      layout_basic, grunt_temple_overflow_open, gammafunk_ghost_cemetery,
          minmay_radiant
Temple:   dshaligram_water_room_temple

Skill      XL: |  1  2  3  4  5  6  7  8  9 10 |
---------------+-------------------------------+-----
Invocations    | 1 2 3 4 5 |  5.5
Short Blades   | 1 2 3 4 5 |  5.0
Long Blades    | 1 2 3 4 5 |  5.0
Axes           | 1 2 3 4 5 |  5.0
Maces & Flails | 1 2 3 4 5 |  5.0
Staves         | 1 2 3 4 5 |  5.0
Slings         | 1 2 3 4 5 |  5.0
Bows           | 1 2 3 4 5 |  5.0
Crossbows      | 1 2 3 4 5 |  5.0
Armour         | 1 2 3 4 5 |  5.0
Dodging        | 1 2 3 4 5 |  5.0
Stealth        | 1 2 3 4 5 |  5.0
Unarmed Combat | 1 2 3 4 5 |  5.0
Evocations     | 1 2 3 4 5 |  5.0
Spellcasting   | 3 4 5 |  5.8
Conjurations   | 1 2 3 4 |  4.1
Hexes          | 1 2 3 4 |  4.1
Necromancy     | 1 2 3 4 |  4.1
Translocations | 1 2 3 4 |  4.1
Transmutations | 1 2 3 4 |  4.1
Fire Magic     | 1 2 3 4 |  4.1
Ice Magic      | 1 2 3 4 |  4.1
Air Magic      | 1 2 3 4 |  4.1
Earth Magic    | 1 2 3 4 |  4.1
Poison Magic   | 1 2 3 4 |  4.1
Polearms       | 3 4 5 |  5.7
Throwing       | 3 4 5 |  5.7
Shields        | 3 4 5 |  5.7
Fighting       | 5 6 |  6.9
Summonings     | 8 |  8.3

Action                   |  1- 3 |  4- 6 |  7- 9 | 10-12 || total
-------------------------+-------+-------+-------+-------++-------
Melee: Spear             |    65 |    26 |     5 |       ||    96
       Bite              |     4 |     8 |    34 |     6 ||    52
       Halberd           |    20 |   184 |   300 |     1 ||   505
       Falchion          |       |       |    45 |    15 ||    60
       Punch             |       |       |     2 |     1 ||     3
       Broad axe         |       |       |       |    22 ||    22
 Cast: Summon Small Mamm |    14 |     5 |       |       ||    19
       Summon Guardian G |       |     2 |     7 |     4 ||    13
       Call Imp          |       |     4 |    46 |     7 ||    57
       Slow              |       |       |     1 |       ||     1
  Use: Scroll            |       |     8 |     5 |     8 ||    21
       Potion            |       |       |       |     4 ||     4
 Stab: Sleeping          |     1 |     1 |     1 |       ||     3
       Distracted        |       |       |     3 |       ||     3
Armor: Robe              |    28 |     4 |       |       ||    32
       Chain mail        |       |    22 |       |       ||    22
       Scale mail        |       |    70 |   141 |       ||   211
       Ring mail         |       |       |       |     6 ||     6
Dodge: Dodged            |    42 |   106 |   163 |    21 ||   332
       Rpst.: Falchion   |       |       |    11 |     2 ||    13
